 Dungeon Crawl Stone Soup version 0.27.1-36-g1b1ada6b1e (webtiles) character file.

Game seed: 10239191628718099562

2146 KleinerIrrer the Grappler (level 9, -5/63 HPs)
             Began as an Octopode Delver on Feb 4, 2023.
             Was an Initiate of Gozag.
             Slain by a vampire mosquito (10 damage)
             ... on level 7 of the Dungeon.
             The game lasted 00:15:37 (5906 turns).

KleinerIrrer the Grappler (Octopode Delver)         Turns: 5906, Time: 00:15:38

Health: -5/63      AC:  1    Str: 22    XL:     9   Next: 31%
Magic:  0/0        EV: 14    Int: 21    God:    Gozag
Gold:   1144       SH:  0    Dex: 13    Spells: 8/8 levels left

rFire    + . .     SeeInvis .   g - +9 rapier "Ewuew" {venom, *Slow MP-9 Str+8 Int+8}
rCold    . . .     Faith    .   (no shield)
rNeg     . . .     Spirit   .   (helmet restricted)
rPois    .         Reflect  .   (no amulet)
rElec    .         Harm     .   x - ring of protection from fire
rCorr    .         Rampage  .   (no ring)
Will     .....                  (no ring)
Stlth    ++++......             (no ring)
HPRegen  0.20/turn              (no ring)
MPRegen  0.07/turn              (no ring)
                                (no ring)
                                (no ring)

@: slowed, very slow
A: almost no armour, amphibious, 8 rings, camouflage 1, gelatinous body 1,
(nimble swimmer 1), tentacles
a: Renounce Religion, Potion Petition, Call Merchant, Bribe Branch


You were on level 7 of the Dungeon.
You worshipped Gozag.
Gozag was most pleased with you.
You visited 2 branches of the dungeon, and saw 8 of its levels.
You also visited: Ossuary.

You collected 1178 gold pieces.
You paid 34 gold pieces to Gozag.

Inventory:

Hand Weapons
 g - the +9 rapier "Ewuew" (weapon) {venom, *Slow MP-9 Str+8 Int+8}
   (You found it on level 5 of the Dungeon)

   It poisons the flesh of those it strikes.
   Str:       It affects your strength (+8).
   Int:       It affects your intelligence (+8).
   MP:        It affects your magic capacity (-9).
   *Slow:     It may slow you when you take damage.
 C - the +12 glaive of Prune {vorpal}
   (You found it on level 6 of the Dungeon)

   It inflicts extra damage upon your enemies.
Missiles
 f - 6 curare-tipped darts (quivered)
 B - 13 javelins
Jewellery
 x - a ring of protection from fire (left tentacle)
 y - a ring of ice
Wands
 e - a wand of digging (3)
 l - a wand of charming (11)
Scrolls
 a - a scroll of fog
 b - 2 scrolls of magic mapping
 c - a scroll of fear
 i - a scroll of noise
 m - a scroll of vulnerability
 n - 2 scrolls of teleportation
 p - a scroll of blinking {unknown}
 w - a scroll of immolation {unknown}
 A - a scroll of enchant weapon {unknown}
Potions
 d - 2 potions of haste
 j - 6 potions of curing
 k - 3 potions of heal wounds
 o - a potion of magic
 q - 2 potions of might
 r - a potion of cancellation
 s - a potion of berserk rage {unknown}
 t - 4 potions of degeneration
 u - a potion of lignification {unknown}
 v - a potion of invisibility {unknown}
 z - a potion of brilliance {unknown}


   Skills:
 - Level 6.7 Fighting
 - Level 0.4 Short Blades
 - Level 1.0 Throwing
 - Level 4.8 Dodging
 - Level 6.6 Stealth
 * Level 9.5 Unarmed Combat


You had 8 spell levels left.
You didn't know any spells.
Your spell library contained the following spells:

 Spells                   Type           Power      Damage    Failure   Level
 Apportation              Tloc           0%         N/A       19%         1
 Foxfire                  Conj/Fire      0%         2x1d4     19%         1
 Conjure Flame            Conj/Fire      0%         6-21      47%         3
 Inner Flame              Hex/Fire       0%         N/A       47%         3
 Tukima's Dance           Hex            0%         N/A       47%         3
 Passage of Golubria      Tloc           N/A        N/A       87%         4
 Alistair's Intoxication  Tmut/Pois      0%         N/A       99%         5
 Yara's Violent Unravell  Hex/Tmut       0%         3d3       99%         5
 Invisibility             Hex            0%         N/A       100%        6


Dungeon Overview and Level Annotations

Branches:
Dungeon (7/15)             Temple (1/1) D:5         Ossuary (visited)

Altars:
Ashenzari
Cheibriados
Elyvilon
Gozag
Hepliaklqana
Kikubaaqudgha
Makhleb
Nemelex Xobeh
Okawaru
Qazlal
Ru
Sif Muna
Trog
Uskayaw
Vehumet
Xom
Zin
The Shining One
Lugonu


Innate Abilities, Weirdness & Mutations

You cannot wear most types of armour.
You are amphibious.
You can wear up to eight rings at the same time.
Your skin changes colour to match your surroundings (Stealth+).
Your rubbery body absorbs attacks. (AC +1, EV +1)
((You are camouflaged near water. (Stealth+)))
You have tentacles for arms and can constrict up to eight enemies at once.


Message History

Your tentacle-slap misses the vampire mosquito.
You squeeze the vampire mosquito, but do no damage.
You constrict the vampire mosquito! The vampire mosquito bites you.
The vampire mosquito draws strength from your injuries!
The vampire mosquito bites you!
The vampire mosquito draws strength from your injuries!
The vampire mosquito closely misses you.
The vampire mosquito barely misses you. The vampire mosquito misses you.
The vampire mosquito bites you but does no damage.
The vampire mosquito bites you!
* * * LOW HITPOINT WARNING * * *
The vampire mosquito draws strength from your injuries!
Okay, then.
You feel much better.
You constrict the vampire mosquito! The vampire mosquito bites you.
The vampire mosquito draws strength from your injuries!
The vampire mosquito bites you.
The vampire mosquito draws strength from your injuries!
The vampire mosquito bites you!
The vampire mosquito draws strength from your injuries!
The vampire mosquito barely misses you. The vampire mosquito bites you!
* * * LOW HITPOINT WARNING * * *
The vampire mosquito draws strength from your injuries!
The vampire mosquito barely misses you.
You can't see any enemies this would affect, really read the scroll of fear? [Y]es or [N]o only, please.
You can't see any enemies this would affect, really read the scroll of fear?
Okay, then.
You feel much better.
You constrict the vampire mosquito. The vampire mosquito misses you.
The vampire mosquito bites you!
The vampire mosquito draws strength from your injuries!
The vampire mosquito bites you!
* * * LOW HITPOINT WARNING * * *
The vampire mosquito draws strength from your injuries!
The vampire mosquito bites you!
* * * LOW HITPOINT WARNING * * *
The vampire mosquito draws strength from your injuries!
The vampire mosquito bites you!
You die...
Your body crumbles into a pile of gold.

....####.# #..#
.. .# #..# #####
#.#.##### #.#
##..#
#.##.....###..#
#...# #.
##.###.... #..##
# #.# .... #.#..#
#.###.# #.#..#
##(..######
##.#..#
##.......#
#.....# #@.####.#
#..#.## #yy###
#..#.#
..(.....###..#.#
#.|.............#
#.....######.####
#.##### ##...##
.. #######.....##
##.#.# ##
#............#
#....#
#.#####.....##


You could see 2 vampire mosquitoes.

Vanquished Creatures
  Pikel (D:6)
  A hornet (D:6)
  Eustachio (D:4)
  A water moccasin (D:6)
  An ice beast (D:4)
  3 ogres
  A centaur (D:6)
  2 lemures (D:6)
  A phantom (D:5)
  A kobold brigand (D:4)
  4 scorpions
  A killer bee (D:7)
  A water moccasin skeleton (D:4)
  A jelly (D:6)
  An orc priest (D:6)
  A hound (D:4)
  Jessica (D:2)
  8 mummies (Ossuary)
  4 adders
  An adder skeleton (D:4)
  A worm (D:5)
  3 dart slugs
  4 orcs (D:6)
  7 bats
  11 endoplasms
  A giant cockroach (D:2)
  3 gnoll zombies (Ossuary)
  5 goblins
  6 hobgoblins
  3 quokkas
  10 ball pythons
  6 frilled lizards
  A hobgoblin zombie (Ossuary)
  7 kobolds
  2 kobold zombies (Ossuary)
  2 orc zombies (Ossuary)
  A quokka skeleton (D:4)
  2 rats
111 creatures vanquished.

Vanquished Creatures (others)
  2 fungi (D:7)
2 creatures vanquished.

Grand Total: 113 creatures vanquished

Notes
Turn   | Place    | Note
-------+----------+-------------------------------------------
     0 | D:5      | KleinerIrrer the Octopode Delver began the quest for the
                  | Orb.
     0 | D:5      | Reached XP level 1. HP: 16/16 MP: 1/1
   234 | D:5      | Noticed a scorpion
   239 | D:5      | Identified the +9 rapier "Ewuew" {venom, *Slow MP-9 Str+8
                  | Int+8}
   239 | D:5      | Noticed an ogre
   247 | D:5      | Killed a scorpion
   248 | D:5      | Reached skill level 3 in Unarmed Combat
   248 | D:5      | Reached XP level 2. HP: 10/21 MP: 0/2
   248 | D:5      | Reached XP level 3. HP: 13/26 MP: 0/3
   248 | D:5      | Reached XP level 4. HP: 16/32 MP: 0/4
   474 | D:5      | Found an ancient bone altar of Kikubaaqudgha.
   572 | D:5      | Noticed an ogre
   578 | D:5      | Found a staircase to the Ecumenical Temple.
   586 | Temple   | Entered the Ecumenical Temple
   602 | Temple   | Became a worshipper of Gozag Ym Sagoz the Greedy
   671 | D:4      | Noticed an ice beast
   681 | D:4      | Noticed Eustachio
   683 | D:4      | Killed an ice beast
   684 | D:4      | Reached XP level 5. HP: 38/38 MP: 0/5
   860 | D:4      | Killed Eustachio
   861 | D:4      | Reached skill level 5 in Fighting
   861 | D:4      | Reached XP level 6. HP: 32/45 MP: 0/6
   883 | D:4      | Found a sand-covered staircase.
   899 | Ossuary  | Entered an ossuary
  1627 | D:4      | Reached XP level 7. HP: 51/51 MP: 0/7
  1641 | D:4      | Reached skill level 1 in Throwing
  1817 | D:4      | Found a broken altar of Ashenzari.
  2028 | D:4      | Found a burning altar of Makhleb.
  2224 | D:2      | Found a bloodstained altar of Trog.
  2227 | D:2      | Noticed Jessica
  3065 | D:2      | Killed Jessica
  3376 | D:3      | Found a hide-covered altar of Uskayaw.
  3377 | D:3      | Found a shimmering altar of Xom.
  3383 | D:3      | Found a snail-covered altar of Cheibriados.
  3555 | D:3      | Found a radiant altar of Vehumet.
  3777 | D:5      | Reached skill level 4 in Unarmed Combat
  3791 | D:5      | Found a glowing silver altar of Zin.
  3812 | D:5      | Reached XP level 8. HP: 58/58 MP: 0/8
  3829 | D:5      | Reached skill level 5 in Unarmed Combat
  4048 | D:6      | Noticed a hornet
  4053 | D:6      | Paralysed by a hornet for 1 turns
  4055 | D:6      | Killed a hornet
  4056 | D:6      | Reached skill level 6 in Unarmed Combat
  4290 | D:6      | Found an iron altar of Okawaru.
  4521 | D:6      | Found a shimmering blue altar of Sif Muna.
  4653 | D:6      | Reached skill level 7 in Unarmed Combat
  4669 | D:6      | Noticed Pikel
  4678 | D:6      | Killed Pikel
  4679 | D:6      | Reached skill level 9 in Unarmed Combat
  4679 | D:6      | Reached XP level 9. HP: 39/63 MP: 0/9
  4932 | D:6      | Found the +12 glaive of Prune {vorpal}
  5327 | D:6      | Found a sacrificial altar of Ru.
  5906 | D:7      | Slain by a vampire mosquito

Illustrated notes

Levels and vault maps discovered:
D:1:      dpeg_arrival_rooms_with_view, layout_rooms
D:2:      layout_rooms, basic_altar, nrook_loot_triangle, uniq_jessica
D:3:      layout_basic, grunt_temple_overflow_open, mainiacjoe_overflow_24_doors
D:4:      layout_basic, lemuel_round_altar, bloody_makhleb,
          nicolae_ossuary_entry_false_entrances, minmay_three_crescents,
          uniq_eustachio
D:5:      layout_basic, zin_treasury, mainiacjoe_overflow_paths,
          minmay_temple_entry_waves
D:6:      layout_gridville, kennysheep_little_box, mainiacjoe_overflow_swirl,
          kennysheep_another_room, hangedman_abyss_or_decor_stabs,
          kennysheep_cross_bottleneck, corexii_leaking_fountain, uniq_pikel
D:7:      layout_loops_ring, mainiacjoe_overflow_chevrons,
          kennysheep_decorative_pillar
Temple:   corrupted_temple

Skill      XL: |  1  2  3  4  5  6  7  8 |
---------------+-------------------------+-----
Unarmed Combat | 3 4 9 |  9.5
Fighting       | 4 5 6 |  6.7
Dodging        | 3 4 |  4.8
Throwing       | 1 |  1.0
Short Blades   | |  0.4
Stealth        | |  6.6

Action                   |  1- 3 |  4- 6 |  7- 9 || total
-------------------------+-------+-------+-------++-------
Melee: Unarmed           |     5 |       |       ||     5
       Rapier            |     2 |    45 |   114 ||   161
       Constrict         |     2 |    14 |    20 ||    36
       Tentacles         |     1 |    13 |    18 ||    32
       Punch             |       |     3 |     5 ||     8
       Glaive            |       |       |     2 ||     2
Throw: Dart              |       |     4 |     4 ||     8
  Use: Scroll            |       |     3 |     7 ||    10
       Potion            |       |       |     2 ||     2
 Stab: Sleeping          |       |     2 |    33 ||    35
Armor: Skin              |       |     3 |     8 ||    11
Dodge: Dodged            |     1 |    27 |    64 ||    92
